 Dungeon Crawl Stone Soup version 0.27.1-34-g3ba077fa99 (webtiles) character file.

Game seed: 12660511846894186126

26468 shadowrider38 the Impaler (level 13, 0/106 HPs)
             Began as a Merfolk Gladiator on Jan 1, 2022.
             Was an Elder of Trog.
             Splashed by an acid dragon's acid (14 damage)
             ... on level 12 of the Dungeon.
             The game lasted 00:59:06 (35960 turns).

shadowrider38 the Impaler (Merfolk Gladiator)      Turns: 35960, Time: 00:59:09

Health: 0/106      AC: 12    Str: 22    XL:     13   Next: 26%
Magic:  13/13      EV:  9    Int: 13    God:    Trog [****..]
Gold:   1018       SH:  0    Dex: 15    Spells: 12/12 levels left

rFire    . . .     SeeInvis .   a - +8 spear of Moderation {vorpal, Str-4 Int+6}
rCold    . . .     Faith    .   (no shield)
rNeg     . . .     Spirit   .   e - +4 chain mail
rPois    +         Reflect  .   c - +0 helmet
rElec    .         Harm     .   O - +1 cloak
rCorr    .         Rampage  .   k - +0 pair of gloves
Will     ++...                  (no boots)
Stlth    ..........             t - amulet of the acrobat
HPRegen  1.27/turn              F - +6 ring of strength
MPRegen  0.13/turn              r - ring of poison resistance

@: strong-willed, corroded, on berserk cooldown, regenerating, slowed, very slow
A: (nimble swimmer 2), mertail, frail 1
a: Renounce Religion, Berserk, Trog's Hand, Brothers in Arms


You were on level 12 of the Dungeon.
You worshipped Trog.
Trog was greatly pleased with you.
You visited 5 branches of the dungeon, and saw 17 of its levels.

You collected 1686 gold pieces.
You spent 668 gold pieces at shops.

Inventory:

Hand Weapons
 a - the +8 spear of Moderation (weapon) {vorpal, Str-4 Int+6}
   (You bought it in a shop on level 3 of the Dungeon)

   It inflicts extra damage upon your enemies.
   Str:       It affects your strength (-4).
   Int:       It affects your intelligence (+6).
Missiles
 f - 324 stones (quivered)
 E - 8 silver javelins
 K - 11 boomerangs
 P - 5 curare-tipped darts
 R - 15 poisoned darts
 X - 2 throwing nets
Armour
 c - a +0 helmet (worn)
 e - a +4 chain mail (worn)
 k - a +0 pair of gloves (worn)
 O - a +1 cloak (worn)
 V - a +0 chain mail of fire resistance
Jewellery
 o - a ring of resist corrosion
 r - a ring of poison resistance (right hand)
 t - an amulet of the acrobat (around neck)
 A - a ring of magical power
 B - the amulet "Cybb" {Acrobat +Blink rElec rC+}
   (You found it on level 8 of the Dungeon)

   [amulet of the acrobat]

   It increases your evasion while moving and waiting.
   rC:        It protects you from cold.
   rElec:     It insulates you from electricity.
   +Blink:    It lets you blink.
 D - a +6 ring of dexterity
 F - a +6 ring of strength (left hand)
 I - a ring of magical power
 U - a ring of magical power
Wands
 p - a wand of acid (10)
 q - a wand of polymorph (9)
 y - a wand of flame (5)
 S - a wand of mindburst (14)
 W - a wand of iceblast (17)
Scrolls
 b - 2 scrolls of fear {unknown}
 i - 2 scrolls of enchant weapon {unknown}
 l - 2 scrolls of enchant armour {unknown}
 m - 2 scrolls of noise {unknown}
 s - 2 scrolls of immolation {unknown}
 v - a scroll of vulnerability
 w - a scroll of brand weapon {unknown}
 C - 2 scrolls of acquirement {unknown}
 L - 4 scrolls of identify
 T - a scroll of magic mapping {unknown}
Potions
 d - a potion of berserk rage
 g - a potion of lignification
 h - a potion of haste
 j - a potion of brilliance
 n - 3 potions of curing
 u - 2 potions of attraction
 x - 3 potions of heal wounds
 z - 3 potions of flight
 G - a potion of invisibility
 H - 2 potions of mutation
 J - 2 potions of magic
 M - a potion of cancellation
 N - 13 potions of ambrosia


   Skills:
 + Level 16.2 Fighting
 - Level 18.5 Polearms
 - Level 2.0 Throwing
 - Level 4.1 Dodging
 + Level 7.2 Evocations


You had 12 spell levels left.
You didn't know any spells.
Your spell library contained the following spells:

 Spells                   Type           Power      Damage    Failure   Level
 Summon Small Mammal      Summ           0%         N/A       97%         1
 Call Canine Familiar     Summ           0%         N/A       100%        3
 Conjure Flame            Conj/Fire      0%         6-21      100%        3
 Ignite Poison            Fire/Tmut/Pois 0%         N/A       100%        3
 Summon Guardian Golem    Hex/Summ       0%         N/A       100%        3
 Sticky Flame             Conj/Fire      0%         2d3       100%        4


Dungeon Overview and Level Annotations

Branches:
Dungeon (12/15)            Temple (1/1) D:5            Lair (1/6) D:8
    Orc (2/2) D:10            Elf (1/3) Orc:2

Altars:
Ashenzari
Cheibriados
Dithmenos
Elyvilon
Fedhas
Gozag
Hepliaklqana
Kikubaaqudgha
Makhleb
Nemelex Xobeh
Okawaru
Qazlal
Ru
Sif Muna
Trog
Uskayaw
Vehumet
Wu Jian
Xom
Yredelemnul
Zin
The Shining One

Shops:
D:3 *   D:7 (   Orc:2 [(=[

Portals:
Abyss: D:5

Annotations:
D:3 3 runed translucent doors, CoveEight's ghost, novice KoHu; Fractals's ghost, amateur OgBe; lordive's ghost, amateur OgBe; safid's ghost, amateur HOFi; vvl's ghost, amateur DsNe
D:5 2 transporters, CoveEight's ghost, novice PaFi


Innate Abilities, Weirdness & Mutations

((You are quick and stealthy near water. (Stealth+, EV+, Speed+++)))
Your lower body shifts to a powerful aquatic tail in water.
You are frail. (-10% HP)


Message History

You barely miss the acid dragon.
The boulder beetle stops rolling and uncurls.
The acid dragon barely misses you. The acid dragon misses you.
You puncture the acid dragon!
The acid dragon is heavily wounded.
You closely miss the acid dragon.
The acid dragon is heavily wounded.
The acid dragon spits acid at you. The splash of acid hits you!
The acid corrodes you!
You are splashed with acid!
You hit the acid dragon.
The acid dragon is almost dead.
The acid dragon bites you!
* * * LOW HITPOINT WARNING * * *
The acid dragon barely misses you.
You closely miss the acid dragon.
The acid dragon is almost dead.
You hit the boulder beetle but do no damage.
The boulder beetle is heavily wounded.
You hit the boulder beetle but do no damage.
The boulder beetle is heavily wounded.
The boulder beetle barely misses you.
You hit the boulder beetle but do no damage.
The boulder beetle is heavily wounded.
You hit the boulder beetle but do no damage.
The boulder beetle is heavily wounded.
The boulder beetle bites you!
* * * LOW HITPOINT WARNING * * *
Your skin crawls.
You feel strong-willed. The boulder beetle bites you!
* * * LOW HITPOINT WARNING * * *
Okay, then.
Okay, then.
You hit the boulder beetle.
The boulder beetle is heavily wounded.
The boulder beetle leaps!
The acid dragon spits acid at you.
The splash of acid hits you but does no damage.
You are splashed with acid!
You die...

.##################.#.....#......
##................###...>.#......
........y.................#......
.....>.D....###########...#......
......<..W..# #...#......
....#######.# #...#...... ....#
#.# #...###+### ....#
#.#######'#'#.......... ....+
#.....@°D.............. ....#
#..########............ ....#
#..# #............ ....# #..#
#............ =...#######..#
#....####.... .............####
#....# #####
....................)....#
.########................# .#
####........#####


You could see an acid dragon (catching breath).

Vanquished Creatures
  Gastronok (D:9)
  A hydra (D:11)
  Erica (D:8)
  A two-headed ogre (D:10)
  3 orc high priests (Orc:2)
  Sonja (D:10)
  Pikel (D:7)
  A deep elf pyromancer (D:11)
  3 orc knights
  4 orc sorcerers (Orc:2)
  An ugly thing (D:11)
  A gargoyle (D:12)
  2 unseen horrors (D:12)
  3 kobold demonologists (D:11)
  4 trolls
  A queen bee (D:9)
  A hornet (D:9)
  Sigmund (D:4)
  3 wraiths
  A shadow (D:11)
  5 spriggans (Lair:1)
  7 yaks (D:10)
  2 vampires
  Grum (D:8)
  2 wyverns (D:11)
  4 vampire mosquitoes (D:12)
  Edmund (D:4)
  4 wargs
  2 water moccasins
  17 orc warriors
  A black bear (D:7)
  16 ogres
  2 necrophages
  9 wolves
  5 centaurs
  A lemure (D:7)
  5 kobold brigands
  3 bullfrogs
  A scorpion (D:5)
  A gnoll sergeant (D:11)
  27 killer bees
  13 wights
  7 howler monkeys
  A crimson imp (D:8)
  2 gnoll shamans
  26 orc priests
  2 centaur zombies
  4 hounds
  A jelly (D:7)
  2 bullfrog skeletons
  2 centaur skeletons
  Jessica (D:2)
  7 iguanas
  23 orc wizards
  A killer bee zombie (D:7)
  2 hound skeletons
  A howler monkey zombie (D:9)
  Robin (D:4)
  13 adders
  11 gnolls
  A white imp (D:7)
  2 ufetubi
  A worm (D:3)
  A dart slug (D:1)
  67 orcs
  5 endoplasms
  A giant cockroach (D:3)
  14 goblins
  6 hobgoblins
  26 kobolds
  4 quokkas (D:3)
  11 ball pythons
  6 bats
  A frilled lizard (D:1)
  5 rats
422 creatures vanquished.

Vanquished Creatures (others)
  A kobold (D:9)
  6 demonic plants (D:2)
  7 fungi (D:2)
  5 plants (D:2)
  3 withered plants (D:2)
22 creatures vanquished.

Grand Total: 444 creatures vanquished

Notes
Turn   | Place    | Note
-------+----------+-------------------------------------------
     0 | D:1      | shadowrider38 the Merfolk Gladiator began the quest for the
                  | Orb.
     0 | D:1      | Reached XP level 1. HP: 16/16 MP: 1/1
   329 | D:1      | Reached XP level 2. HP: 23/23 MP: 2/2
   741 | D:1      | Reached skill level 5 in Polearms
  1233 | D:2      | Reached XP level 3. HP: 27/29 MP: 3/3
  1716 | D:2      | Reached XP level 4. HP: 35/35 MP: 4/4
  1950 | D:2      | Reached skill level 6 in Polearms
  2099 | D:2      | Reached XP level 5. HP: 8/42 MP: 5/5
  2473 | D:2      | Found a faded altar of an unknown god.
  2757 | D:2      | Noticed Jessica
  3731 | D:2      | Killed Jessica
  3732 | D:2      | Reached skill level 7 in Polearms
  4196 | D:3      | Found Kideff's General Store.
  4335 | D:3      | Reached XP level 6. HP: 50/50 MP: 6/6
  4653 | D:2      | Reached skill level 5 in Fighting
  5243 | D:3      | Reached skill level 8 in Polearms
  5399 | D:3      | Found a blossoming altar of Fedhas.
  5431 | D:3      | Reached XP level 7. HP: 57/57 MP: 7/7
  5869 | D:3      | Found a runed translucent gate.
  5869 | D:3      | Found a runed translucent gate.
  5869 | D:3      | Found a runed translucent gate.
  5871 | D:3      | Noticed safid's ghost (amateur HOFi)
  5871 | D:3      | Noticed CoveEight's ghost (novice KoHu)
  5873 | D:3      | Noticed lordive's ghost (amateur OgBe)
  5875 | D:3      | Noticed Fractals's ghost (amateur OgBe)
  5875 | D:3      | Noticed vvl's ghost (amateur DsNe)
  6338 | D:4      | Noticed Edmund
  6406 | D:4      | Killed Edmund
  6407 | D:4      | Reached skill level 9 in Polearms
  6901 | D:4      | Noticed Sigmund
  7050 | D:5      | Entered Level 5 of the Dungeon
  7739 | D:4      | Reached XP level 8. HP: 67/67 MP: 8/8
  7747 | D:4      | Noticed Robin
  7824 | D:4      | Killed Robin
  8025 | D:4      | Found an ornate altar of the Wu Jian Council.
  8034 | D:3      | Reached skill level 10 in Polearms
  8274 | D:4      | Killed Sigmund
  9076 | D:6      | Reached skill level 11 in Polearms
  9796 | D:5      | Reached XP level 9. HP: 26/75 MP: 9/9
  9831 | D:5      | Found a bloodstained altar of Trog.
  9837 | D:5      | Found a staircase to the Ecumenical Temple.
 10680 | D:5      | Reached skill level 12 in Polearms
 11156 | D:5      | Found a transporter.
 11191 | D:5      | Found a one-way gate to the infinite horrors of the Abyss.
 11217 | D:5      | Found a transporter.
 11256 | D:5      | Noticed CoveEight's ghost (novice PaFi)
 11578 | Temple   | Entered the Ecumenical Temple
 11757 | D:5      | Became a worshipper of Trog the Wrathful
 12854 | D:7      | Found Tojeuk's Weapon Shop.
 12861 | D:7      | Noticed Pikel
 12887 | D:7      | Killed Pikel
 12888 | D:7      | Reached skill level 10 in Fighting
 12888 | D:7      | Reached skill level 13 in Polearms
 14150 | D:7      | Reached XP level 10. HP: 64/86 MP: 10/10
 14522 | D:7      | Reached skill level 14 in Polearms
 14549 | D:7      | Reached * piety under Trog
 14951 | D:8      | Noticed Erica
 14971 | D:8      | Killed Erica
 15177 | D:8      | Noticed Grum
 16312 | D:8      | Killed Grum
 16313 | D:8      | Reached skill level 15 in Polearms
 17051 | D:8      | Found a staircase to the Lair.
 17353 | D:8      | Reached ** piety under Trog
 18021 | D:8      | Identified the amulet "Cybb" {Acrobat +Blink rElec rC+}
 18049 | D:8      | Found a burning altar of Makhleb.
 18508 | D:8      | Reached XP level 11. HP: 84/96 MP: 11/11
 18654 | D:8      | Found a staircase to the Lair.
 18662 | Lair:1   | Entered Level 1 of the Lair of Beasts
 19155 | D:9      | Found an opulent altar of Gozag.
 19200 | D:9      | Paralysed by a hornet for 3 turns
 19207 | D:9      | Reached skill level 16 in Polearms
 19577 | D:9      | Noticed Gastronok
 19596 | D:9      | Killed Gastronok
 20798 | D:8      | Found a burning altar of Makhleb.
 21546 | D:10     | Entered Level 10 of the Dungeon
 21552 | D:10     | Noticed Sonja
 22231 | D:10     | Killed Sonja
 22232 | D:10     | Reached skill level 17 in Polearms
 22414 | D:10     | Reached *** piety under Trog
 22950 | D:10     | Found a staircase to the Orcish Mines.
 23489 | D:10     | Found a broken altar of Ashenzari.
 23954 | D:10     | Noticed a two-headed ogre
 23965 | D:10     | Killed a two-headed ogre
 24486 | D:11     | Noticed a soul eater
 24509 | D:11     | Reached XP level 12. HP: 83/107 MP: 12/12
 24815 | D:11     | Reached skill level 18 in Polearms
 25755 | D:11     | Gained mutation: You are frail. (-10% HP) [a neqoxec]
 25798 | D:11     | HP: 4/94 [cyclops/large rock (42)]
 26177 | D:11     | Noticed a four-headed hydra
 26203 | D:11     | Killed a nine-headed hydra
 27260 | D:3      | Bought the +8 spear of Moderation {vorpal, Str-4 Int+6} for
                  | 668 gold pieces
 27470 | D:8      | Reached skill level 1 in Evocations
 28093 | Lair:1   | Noticed an eight-headed hydra
 28589 | Orc:1    | Entered Level 1 of the Orcish Mines
 28639 | D:10     | Reached **** piety under Trog
 29177 | Orc:1    | Reached skill level 15 in Fighting
 29749 | Orc:2    | Entered Level 2 of the Orcish Mines
 30917 | Orc:2    | Found a staircase to the Elven Halls.
 30932 | Elf:1    | Entered Level 1 of the Elven Halls
 31916 | Orc:2    | Found Cuurefu's Armour Shoppe.
 31949 | Orc:2    | Noticed a soul eater
 32453 | Orc:2    | Reached skill level 5 in Evocations
 32617 | Orc:2    | Noticed an orc high priest
 32626 | Orc:2    | Noticed an orc high priest
 32628 | Orc:2    | Noticed a soul eater
 32630 | Orc:2    | Noticed an orc high priest
 32637 | Orc:2    | Killed an orc high priest
 32641 | Orc:2    | Noticed a sun demon
 32650 | Orc:2    | Killed an orc high priest
 32654 | Orc:2    | Killed an orc high priest
 32655 | Orc:2    | Reached XP level 13. HP: 24/105 MP: 13/13
 33643 | Orc:2    | Upgraded the game from 0.27.1-33-g824d729ab1 to
                  | 0.27.1-34-g3ba077fa99
 34365 | Orc:2    | Found Elutafieff's Jewellery Boutique.
 34380 | Orc:2    | Found Cuulygg's Antique Weapon Boutique.
 34382 | Orc:2    | Found Xeixu's Armour Shoppe.
 35960 | D:12     | Splashed by an acid dragon's acid

Illustrated notes

Levels and vault maps discovered:
D:1:      dpeg_arrival_fog, layout_rooms
D:2:      layout_basic, shapermc_ecumenical_altar_gd, minmay_snake_closets,
          uniq_jessica
D:3:      layout_loops_ring, fedhas_altar_fruit_tree, serial_shops, shop,
          gammafunk_ghost_cemetery
D:4:      layout_basic, nicolae_wu_jian_glorious_leap,
          chequers_serial_rivers_micro_e, lightli_corner_chamber, uniq_edmund,
          uniq_robin, uniq_sigmund
D:5:      layout_cave_pools, trog_three_pillars_becter, temple_fountains,
          gammafunk_ghost_abyssal_escape
D:6:      layout_loops_ring
D:7:      minmay_polygon_palace, layout_loops_ring, serial_glass,
          glass_columns_b, glass_columns_a, glass_columns_b, glass_columns_a,
          glass_columns_c, glass_columns_c, serial_shops,
          nicolae_take_the_stairs, uniq_pikel
D:8:      layout_loops_ring, makhleb_grotto_becter, lair_entry_dummy, uniq_grum,
          uniq_erica
D:9:      layout_roguey [special_room_bee], kennysheep_mini_moat, uniq_gastronok
D:10:     layout_small_grid, kennysheep_little_box, orc_0_dummy, uniq_sonja
D:11:     layout_gridville, serial_rivers, chequers_serial_rivers_room_b,
          chequers_serial_rivers_small_3, chequers_serial_rivers_marsh,
          chequers_serial_rivers_micro_c, chequers_serial_rivers_large_b
D:12:     layout_irregular_city, fountainhead
Temple:   eino_temple_scatter_basement
Lair:1:   kb_forest_paths, layout_chaotic_city, chequers_serial_rivers_micro_c
Orc:1:    layout_diamond_mine
Orc:2:    st_orc_elflike, layout_caves
Elf:1:    eino_elf_arrival_customs, layout_geoelf_diagonals, serial_shops,
          nicolae_lakefront_shop, orc_legates, nicolae_elf_shapeshifter_party

Skill      XL: |  1  2  3  4  5  6  7  8  9 10 11 12 13 |
---------------+----------------------------------------+-----
Polearms       | 5 6 7 8 9 11 13 15 17 18 | 18.5
Fighting       | 3 4 5 7 8 10 12 14 15 16 | 16.2
Evocations     | 6 7 |  7.2
Throwing       | |  2.0
Dodging        | |  4.1

Action                   |  1- 3 |  4- 6 |  7- 9 | 10-12 | 13-15 || total
-------------------------+-------+-------+-------+-------+-------++-------
Melee: Trident           |    80 |   197 |   167 |       |       ||   444
       Scythe            |       |       |   250 |   601 |       ||   851
       Spear             |       |       |       |   329 |   146 ||   475
Throw: Stone             |     1 |     6 |    26 |     4 |       ||    37
       Throwing net      |     1 |     5 |     3 |       |       ||     9
Invok: Berserk           |       |       |       |    32 |     7 ||    39
       Trog's Hand       |       |       |       |       |     1 ||     1
Evoke: Wand              |       |       |    14 |    11 |       ||    25
  Use: Scroll            |       |       |    10 |     6 |     6 ||    22
 Stab: Sleeping          |     3 |       |       |       |       ||     3
       Held in net/web   |       |     1 |     4 |       |       ||     5
       Distracted        |       |       |     1 |       |       ||     1
Armor: Leather armour    |     9 |       |       |       |       ||     9
       Ring mail         |    12 |    66 |       |       |       ||    78
       Chain mail        |       |       |   200 |   277 |    50 ||   527
       Plate armour      |       |       |       |   143 |       ||   143
Dodge: Dodged            |    33 |    83 |   192 |   439 |    45 ||   792
